Map: Dusk Towers

Players

Alekino

  • Race: Zerg Zerg
  • League: Master

noseknowsall - Winner!

  • Race: Terran Terran
  • League: Diamond

VOD

Have the link to the VOD?

Description

Time

  • Played on: Feb. 4, 2016, 10:49 p.m.
  • Length: 19:08
Show
View Real Time Build Order
Export as new Build Order

Alekino Zerg 

Build Orders: Hatch First 

Get SALT Encoding   

  12  0:00  Drone  
  13  0:12  Overlord  
  13  0:17  Drone  
  14  0:23  Extractor, Drone  
  15  0:30  Drone  
  16  0:36  Drone  
  17  0:52  Hatchery  
  17  0:54  Drone  
  17  0:58  Drone  
  17  1:02  Extractor  
  17  1:14  Spawning Pool  
  17  1:18  Drone  
  17  1:20  Drone  
  18  1:28  Drone  
  19  1:38  Overlord  
  19  1:49  Drone  
  20  2:00  Drone  
  20  2:01  Queen  
  23  2:03  Metabolic Boost  
  23  2:04  Queen  
  23  2:08  Zergling x2  
  26  2:12  Drone  
  27  2:16  Drone  
  27  2:22  Drone  
  29  2:25  Drone  
  30  2:32  Drone  
  32  2:37  Drone  
  32  2:38  Queen  
  32  2:42  Extractor  
  33  2:49  Drone x2  
  36  2:57  Overlord  
  36  2:58  Overlord  
  36  3:14  Queen x2  
  40  3:24  Drone x4  
  44  3:33  Extractor  
  43  3:34  Extractor  
  43  3:35  Extractor  
  43  3:37  Drone x3  
  43  3:38  Hatchery  
  43  3:39  Drone  
  44  3:44  Overlord  
  44  4:00  Overlord  
  44  4:01  Overlord  
  44  4:10  Drone x3  
  44  4:11  Drone x2  
  44  4:14  Drone  
  44  4:15  Lair  
  50  4:19  Drone x3  
  53  4:30  Drone x5  
  58  4:40  Zergling x2  
  58  4:41  Zergling x2  
  60  4:50  Drone x4  
  64  4:53  Drone x2  
  64  4:58  Drone x2  
  68  5:00  Zergling x4  
  68  5:01  Zergling x2  
  71  5:08  Evolution Chamber  
  71  5:10  Baneling Nest  
  71  5:12  Evolution Chamber  
  60  5:24  Zergling x6  
  60  5:25  Zergling x10  
  57  5:36  Zergling x8  
  51  5:53  Zergling x6  
  51  5:56  Baneling x2  
  51  5:57  Baneling x6  
  48  6:01  Zergling x4  
  33  6:28  Zergling x6  
  33  6:29  Zergling x4  
  33  6:32  Zergling x2  
  36  6:33  Queen  
  36  6:34  Queen x2  
  36  6:37  Zergling x2  
  42  6:45  Baneling x2  
  39  6:55  Drone  
  39  6:56  Drone x2  
  41  7:10  Queen, Drone x3  
  44  7:24  Zergling x6  
  45  7:39  Drone x2  
  46  7:45  Drone x3  
  46  7:47  Drone  
  46  7:48  Drone x4  
  46  7:49  Drone  
  46  7:51  Queen x2  
  59  7:59  Drone x2  
  59  8:02  Roach Warren  
  60  8:10  Drone x4  
  60  8:12  Zerg Missile Weapons Level 1  
  64  8:18  Zerg Ground Armor Level 1, Drone  
  65  8:22  Drone x2  
  65  8:26  Drone x2  
  69  8:33  Drone x2  
  69  8:34  Drone x3  
  73  8:38  Overlord x2  
  74  8:54  Glial Reconstitution  
  74  8:57  Roach x8  
  90  9:03  Overlord x3  
  90  9:09  Baneling  
  90  9:10  Baneling x6  
  90  9:11  Baneling  
  90  9:23  Roach x7  
  104  9:43  Ravager x8  
  104  9:45  Overlord x4  
  112  9:47  Roach  
  112  10:08  Infestation Pit  
  112  10:09  Roach x6  
  112  10:10  Roach x8  
  112  10:11  Roach x3  
  145  10:34  Overlord x2  
  145  10:35  Overlord x2  
  145  10:39  Zerg Missile Weapons Level 2, Zerg Ground Armor Level 2  
  132  10:59  Roach x6  
  132  11:00  Roach x5  
  154  11:10  Extractor  
  151  11:13  Extractor  
  150  11:41  Hive  
  150  11:53  Hatchery  
  149  12:05  Infestor x4  
  149  12:08  Roach x5  
  163  12:09  Roach  
  163  12:14  Drone  
  170  12:17  Overlord x3  
  176  12:37  Roach x8  
  176  12:38  Roach  
  188  13:08  Roach x2  
  192  13:20  Spore Crawler  
  192  13:21  Spore Crawler  
  192  13:22  Spore Crawler  
  189  13:29  Spore Crawler  
  189  13:33  Zerg Missile Weapons Level 3  
  188  13:34  Zerg Ground Armor Level 3  
  188  13:35  Ultralisk Cavern  
  182  13:55  Ravager x9  
  191  13:56  Ravager  
  191  13:57  Zergling x10  
  191  13:58  Zergling x6  
  198  14:20  Overlord x4  
  198  14:21  Overlord  
  192  14:31  Chitinous Plating  
  192  14:37  Overlord x3  
  192  14:38  Overlord  
  192  14:41  Overlord x2  
  192  14:57  Extractor  
  187  15:00  Extractor  
  186  15:14  Overseer  
  183  15:19  Hatchery  
  182  15:27  Hatchery  
  126  15:34  Ultralisk x4  
  88  15:37  Zergling x6  
  74  15:45  Zergling x6  
  77  16:01  Baneling x2  
  77  16:02  Baneling x4  
  77  16:06  Zergling x6  
  77  16:07  Zergling x2  
  77  16:10  Zerg Melee Weapons Level 1  
  81  16:20  Zergling x8  
  81  16:23  Zergling x2  
  86  16:28  Drone  
  86  16:31  Drone  
  88  16:43  Drone x3  
  87  16:55  Drone x3  
  80  17:13  Roach  
  80  17:14  Roach x3  
  80  17:15  Roach  
  84  17:36  Ravager x5  
  89  17:42  Hatchery  
  81  18:07  Roach x3  
  81  18:08  Roach x7  
  101  18:29  Roach x5  
  101  18:34  Ravager x7  
  118  18:35  Ravager  
  118  18:39  Ravager  
Show
View Real Time Build Order
Export as new Build Order

noseknowsall Terran - Winner!

Build Orders: Reaper Expand, MMM Bio 

Get SALT Encoding   

  12  0:01  SCV  
  13  0:13  SCV  
  14  0:18  Supply Depot  
  14  0:25  SCV  
  15  0:39  SCV  
  15  0:40  Barracks  
  16  0:46  Refinery  
  16  0:51  SCV  
  17  1:03  SCV  
  18  1:15  SCV  
  19  1:28  Orbital Command  
  19  1:29  Reaper  
  20  1:43  Command Center  
  20  1:54  Supply Depot, SCV  
  21  2:07  Barracks Reactor  
  21  2:09  SCV  
  22  2:21  SCV  
  23  2:26  Factory  
  23  2:33  SCV  
  24  2:45  SCV  
  24  2:50  Marine  
  24  2:51  Marine  
  27  2:55  Supply Depot, Refinery  
  27  3:00  Orbital Command  
  27  3:01  SCV  
  28  3:16  Starport  
  28  3:21  SCV  
  28  3:23  Hellion x2  
  33  3:29  Marine  
  33  3:32  SCV  
  33  3:33  SCV  
  36  3:37  Armory  
  36  3:44  SCV  
  36  3:45  SCV  
  36  3:47  Marine  
  39  3:49  Hellion x2  
  43  3:56  Medivac  
  43  3:59  SCV x2  
  43  4:00  Supply Depot  
  47  4:10  Marine, Hellion x2  
  47  4:11  SCV x2  
  54  4:28  Liberator, SCV x2, Command Center  
  56  4:32  Supply Depot  
  56  4:35  Supply Depot  
  56  4:40  SCV  
  56  4:41  SCV  
  61  4:45  Barracks Tech Lab  
  61  4:52  Barracks  
  61  4:53  SCV  
  61  4:54  Barracks, SCV  
  63  5:34  Marine  
  60  5:37  Stimpack  
  60  5:52  Marine  
  61  6:04  Barracks Reactor  
  61  6:05  Barracks Reactor  
  52  6:34  Marine  
  52  6:35  Starport Reactor  
  52  6:36  Orbital Command  
  53  6:40  Barracks  
  53  6:41  Barracks  
  53  6:43  Engineering Bay, Barracks  
  53  6:44  Engineering Bay, Barracks  
  53  6:53  Marine x5  
  58  6:56  Hellion x2  
  58  6:58  SCV x2  
  64  7:03  Supply Depot x2  
  64  7:11  Marine x3  
  67  7:17  Marine x2  
  67  7:18  Terran Infantry Weapons Level 1, Terran Infantry Armor Level 1  
  67  7:20  SCV x3  
  67  7:22  Refinery  
  72  7:24  Refinery  
  72  7:26  Supply Depot x2  
  72  7:29  Marine  
  73  7:32  SCV x3  
  75  7:44  SCV x2  
  72  7:48  SCV  
  74  7:51  Barracks Reactor x4  
  74  7:52  Marine x4  
  74  7:53  Combat Shields  
  74  7:56  SCV  
  74  7:57  Orbital Command  
  83  8:01  Supply Depot  
  83  8:02  Supply Depot  
  83  8:04  Supply Depot  
  83  8:07  Supply Depot  
  83  8:11  Widow Mine  
  83  8:12  Widow Mine  
  83  8:13  Marine  
  83  8:14  Marine x2  
  83  8:15  Medivac x2  
  90  8:30  Supply Depot  
  90  8:31  Supply Depot  
  90  8:32  Supply Depot  
  90  8:33  Supply Depot  
  90  8:37  Missile Turret  
  90  8:38  Marine  
  90  8:39  Marine x8  
  90  8:40  Marine x4  
  103  8:44  Supply Depot x2  
  103  8:45  SCV x3  
  106  8:48  Missile Turret  
  106  8:59  Widow Mine  
  106  9:00  Widow Mine  
  106  9:01  Refinery x2  
  110  9:03  Marine, Medivac x2  
  110  9:04  Marine x12  
  127  9:15  Missile Turret  
  127  9:18  SCV x2  
  127  9:19  SCV, Missile Turret  
  127  9:21  Marine x2  
  127  9:22  Marine x4, Missile Turret  
  138  9:24  Marine x6, Marauder  
  144  9:36  Missile Turret  
  144  9:39  Marine x6  
  149  9:47  Terran Infantry Weapons Level 2, Terran Infantry Armor Level 2  
  149  9:48  Marine  
  149  9:49  Marine x6  
  156  9:57  Marine x5  
  161  10:03  Command Center  
  161  10:19  Refinery  
  161  10:21  Missile Turret  
  158  10:22  Missile Turret  
  158  10:24  Refinery  
  145  10:52  Marine x8  
  144  11:10  Marine x3  
  144  11:11  Marine x3  
  144  11:37  Marine x8  
  144  11:38  Siege Tank  
  146  11:40  Marine x5  
  146  11:41  Medivac x2  
  146  11:42  Planetary Fortress  
  155  11:47  Command Center  
  155  11:49  Command Center  
  149  12:02  Marine  
  149  12:03  Marine x9  
  159  12:09  Factory  
  159  12:10  Siege Tank  
  159  12:11  Factory  
  159  12:13  Factory  
  162  12:36  Terran Infantry Weapons Level 3, Terran Infantry Armor Level 3  
  162  12:40  Terran Vehicle Weapons Level 1  
  162  12:48  Siege Tank  
  165  12:54  Medivac x2  
  165  12:58  Factory Tech Lab x3  
  169  13:16  Liberator  
  169  13:17  Liberator  
  169  13:19  Siege Tank x3  
  178  13:20  Siege Tank  
  178  13:24  Planetary Fortress  
  187  13:51  Siege Tank x3  
  194  14:01  Siege Tank  
  189  14:13  Liberator x2  
  176  14:23  Siege Tank x2  
  176  14:32  Siege Tank  
  176  14:33  Siege Tank  
  182  14:40  Terran Vehicle Weapons Level 2  
  182  14:44  Armory  
  182  14:55  Siege Tank x2  
  176  15:05  Siege Tank  
  179  15:16  Thor  
  179  15:17  Viking x2  
  184  15:27  Thor  
  180  15:30  Liberator x2  
  180  15:32  Marine x8  
  180  15:33  Marine x4  
  177  15:54  Marine x5  
  177  15:55  Marine x7  
  177  15:56  Marine x2  
  191  16:09  Planetary Fortress  
  191  16:11  Missile Turret  
  191  16:12  Marine  
  191  16:13  Missile Turret  
  191  16:14  Missile Turret  
  192  16:44  Marine x8  
  190  16:56  Terran Vehicle And Ship Armor Level 1  
  174  17:53  Marine x12  
  174  17:54  Marine x2  
  174  17:55  Siege Tank x4  
  198  18:10  Marine  
  198  18:11  Marine  
  194  18:29  Medivac x2  
Tags
 
Add a new tag
Caveats
  • Supply blocks, unpowered buildings, or Contaminate may cause inaccurate times.
  • Supply counts are checked every 10 seconds.